AoeStats
← O grande

Arabia

508245472Analyzed
1v1 RM · 9d ago on Sep 21, 2026· 37m 5s· 2 players
Game mode
Random Map
Map size
Tiny (2 player)
Population
200
Speed
Normal
Resources
Standard
Victory
Conquest
Starting age
Dark Age
Ending age
Imperial Age
RankedLock teamsTeams togetherTeam positionsShared explorationLock speedFull tech treeHidden civsTurbo modeCheats
Victory
Defeat
🇨🇳 Spanish · China
2158
+13
🇧🇷 Slavs · Brazil
2095
-13
O grande
7:59 Loom
9:17 Loom
11:31 Feudal Age
12:15 Double-Bit Axe
13:29 Horse Collar
19:19 Castle Age
17:53 Fletching
18:02 Gold Mining
18:45 Padded Archer Armor
19:57 Bodkin Arrow
19:48 Crossbowman
20:57 Bow Saw
23:31 Wheelbarrow
22:41 Town Watch
30:05 Ballistics
29:53 Stone Mining
30:13 Scale Barding Armor
32:53 Imperial Age
33:24 Leather Archer Armor
32:36 Elite Skirmisher
34:39 Ring Archer Armor
CNZS_迷你车仁
6:02 Loom
8:43 Feudal Age
9:20 Double-Bit Axe
12:25 Horse Collar
18:48 Castle Age
16:47 Stone Mining
17:10 Gold Mining
18:48 Padded Archer Armor
18:57 Fletching
20:34 Bow Saw
21:00 Wheelbarrow
20:44 Husbandry
27:02 Bloodlines
30:54 Leather Archer Armor
36:16 Heavy Plow
Connection lost

Rejoining the realm…

Still unreachable

The connection could not be restored.

Session expired

The server has moved on; the page needs a fresh start.